AoeStats
← EMPEROR98265292

Arena

508182134Analyzed
2v2 RM · 12d ago on Sep 21, 2026· 48m 57s· 4 players
Game mode
Random Map
Map size
Medium (4 player)
Population
200
Speed
Normal
Resources
Standard
Victory
Conquest
Starting age
Dark Age
Ending age
Imperial Age
RankedLock teamsTeams togetherTeam positionsShared explorationLock speedFull tech treeHidden civsTurbo modeCheats
Victory
Defeat
🇮🇳 Britons · India
1525
+11
🇮🇳 Georgians · India
1491
+12
🇹🇼 Persians · Taiwan
1470
-13
🇷🇺 Koreans · Russia
1358
-10
EMPEROR98265292
9:27 Feudal Age
14:10 Castle Age
12:31 Double-Bit Axe
18:19 Loom
23:53 Horse Collar
28:55 Bow Saw
30:54 Wheelbarrow
33:41 Imperial Age
31:27 Fletching
32:12 Fortified Wall
32:24 Ballistics
31:54 Guard Tower
32:53 Bodkin Arrow
33:21 Forging
33:20 Svan Towers
33:37 Treadmill Crane
34:08 Masonry
34:58 Keep
34:09 Arrowslits
33:49 Capped Ram
34:44 Pikeman
35:24 Squires
35:09 Arson
35:25 Scale Mail Armor
36:01 Iron Casting
35:33 Bracer
36:06 Architecture
36:37 Chemistry
37:37 Scale Barding Armor
38:08 Iron Casting
37:21 Elite Monaspa
38:22 Conscription
38:44 Chain Barding Armor
37:45 Cavalier
38:36 Bloodlines
38:26 Husbandry
39:49 Blast Furnace
40:50 Plate Barding Armor
41:03 Siege Ram
45:44 Padded Archer Armor
46:46 Halberdier
47:43 Chain Mail Armor
Sanskari Ladka
10:58 Feudal Age
11:47 Double-Bit Axe
14:37 Castle Age
12:46 Horse Collar
15:51 Bow Saw
21:20 Fletching
22:52 Bodkin Arrow
23:59 Padded Archer Armor
23:58 Loom
24:50 Ballistics
25:34 Fortified Wall
26:18 Wheelbarrow
30:58 Imperial Age
31:00 Heavy Plow
32:43 Chemistry
31:57 Bracer
32:36 Leather Archer Armor
34:17 Conscription
35:26 Yeomen
34:46 Elite Longbowman
38:18 Gold Mining
38:18 Stone Mining
39:07 Siege Engineers
40:22 Warwolf
42:04 Hoardings
41:42 Masonry
43:00 Light Cavalry
43:42 Husbandry
43:03 Cavalier
45:17 Scale Barding Armor
47:43 Chain Barding Armor
47:55 Ring Archer Armor
HanShiba
10:54 Feudal Age
14:24 Castle Age
12:47 Gold Mining
13:09 Double-Bit Axe
14:15 Scale Barding Armor
14:55 Bloodlines
26:40 Wheelbarrow
27:36 Husbandry
28:14 Chain Barding Armor
30:35 Bow Saw
31:32 Hand Cart
31:48 Fletching
31:58 Padded Archer Armor
31:34 Elite Skirmisher
33:32 Ballistics
36:50 Imperial Age
35:06 Bodkin Arrow
37:31 Leather Archer Armor
38:26 Chemistry
39:00 Ring Archer Armor
41:53 Heavy Camel Rider
44:09 Plate Barding Armor
45:16 Forging
AN25
10:36 Feudal Age
14:59 Castle Age
13:19 Double-Bit Axe
16:06 Bow Saw
21:12 Squires
23:49 Horse Collar
28:02 Wheelbarrow
28:30 Loom
31:57 Imperial Age
29:57 Heavy Plow
29:53 Treadmill Crane
29:43 Crossbowman
30:47 Fletching
31:43 Thumb Ring
32:02 Arbalester
32:40 Gold Mining
34:12 Chemistry
33:23 Bodkin Arrow
36:50 Eupseong
37:21 Capped Ram
38:10 Bracer
39:02 Elite Fire Lancer
42:42 Scale Mail Armor
42:53 Forging
43:43 Chain Mail Armor
45:48 Pikeman
48:34 Plate Mail Armor
Connection lost

Rejoining the realm…

Still unreachable

The connection could not be restored.

Session expired

The server has moved on; the page needs a fresh start.